 Dungeon Crawl Stone Soup version 0.30-a0-358-g0d69a1922f (webtiles) character file.

Game seed: 16026306748523624688

37 flotson the Sneak (level 3, 0/29 HPs)
             Began as a Demonspawn Delver on Nov 10, 2022.
             Killed by divine providence
             ... invoked by an orc priest
              (12 damage)
             ... on level 4 of the Dungeon.
             The game lasted 00:00:39 (277 turns).

flotson the Sneak (Demonspawn Delver)                Turns: 277, Time: 00:00:41

Health: 0/29       AC:  3    Str: 14    XL:     3   Next: 21%
Magic:  3/3        EV: 12    Int: 11    God:
Gold:   20         SH:  0    Dex: 14    Spells: 2/2 levels left

rFire   . . .      SeeInvis .    a - +0 hand axe
rCold   . . .      Faith    .    (no shield)
rNeg    . . .      Spirit   .    b - +0 leather armour
rPois   .          Reflect  .    (no helmet)
rElec   .          Harm     .    (no cloak)
rCorr   .          Rampage  .    (no gloves)
Will    .....                    (no boots)
Stlth   +++.......               (no amulet)
HPRegen 0.24/turn                (no ring)
MPRegen 0.08/turn                (no ring)

@: no status effects
A: sturdy frame 1, demonic magic 1
a: no special abilities


You were on level 4 of the Dungeon.
You visited 1 branch of the dungeon, and saw 2 of its levels.

You collected 20 gold pieces.

Inventory:

Hand Weapons
 a - a +0 hand axe (weapon)
Armour
 b - a +0 leather armour (worn)
Wands
 g - a wand of digging (3)
Scrolls
 c - a scroll of fog
 d - a scroll of magic mapping
 e - a scroll of fear
 h - a scroll of identify {unknown}
Potions
 i - a potion of curing {unknown}


   Skills:
 + Level 3.3 Fighting
 - Level 1.7 Axes
 + Level 1.1 Armour
 + Level 2.2 Dodging
 - Level 4.5 Stealth
 + Level 1.2 Evocations


You had 2 spell levels left.
You didn't know any spells.
Your spell library contained the following spells:

 Spells                   Type           Power      Damage    Failure   Level
 Animate Dead             Necr           0%         N/A       98%         4
 Dispel Undead            Necr           0%         3d6       98%         4


Dungeon Overview and Level Annotations

Branches:
Dungeon (5/15)
 Temple: D:4-7

Altars:

Shops:
D:5 *


Innate Abilities, Weirdness & Mutations

Your movements are slightly less encumbered by armour. (ER -2)
Spells you cast may paralyse adjacent enemies.


Message History

An orc priest comes into view. It is wielding a +0 club.
The orc priest shouts!
The orc hits you with a +0 dagger.
Things that are here:
a +0 short sword; an orc corpse You hit the orc.
The orc is moderately wounded.
The orc barely misses you.
You hit the orc.
You kill the orc!
The orc priest miscasts a cantrip.
You hit the orc priest.
The orc priest is moderately wounded.
The orc priest hits you with a +0 flail.
You hit the orc priest.
The orc priest is heavily wounded.
You closely miss the orc priest. The orc priest closely misses you.
The orc priest hits you with a +0 flail.
You hit the orc priest.
The orc priest is almost dead.
You barely miss the orc priest. The orc priest closely misses you.
The orc priest invokes the aid of Beogh against you.
Pain shoots through your body!
You hit the orc priest but do no damage.
The orc priest is almost dead.
You hit the orc priest. The orc priest closely misses you.
The orc priest hits you with a +0 flail.
You are too injured to fight recklessly!
You are too injured to fight recklessly!
You are too injured to fight recklessly!
You are too injured to fight recklessly!
You are too injured to fight recklessly!
You are too injured to fight recklessly!
You barely miss the orc priest.
The orc priest is almost dead.
You barely miss the orc priest.
The orc priest looks satisfied for a moment.
The orc priest calls down the wrath of Beogh upon you.
Beogh smites you!
You die...

##. #.# ... ##'##
#.# ##...##
##.#######.....##
#......##.......##
##...##.#.........##
#.......'.........'.
#....##.#.........##
#.#@###.##.......##
#.oo# #.###.....##
##.## #.# ##...## #.
..# ##'## #. ### #.#
#. # # #. #.


You could see 2 orc priests.

Vanquished Creatures
  A hound (D:4)
  2 orcs (D:4)
  A giant cockroach (D:4)
4 creatures vanquished.

Notes
Turn   | Place    | Note
-------+----------+-------------------------------------------
     0 | D:5      | flotson the Demonspawn Delver began the quest for the Orb.
     0 | D:5      | Reached XP level 1. HP: 18/18 MP: 1/1
     4 | D:5      | Found Pacannor's Neck Hole.
    24 | D:5      | Noticed a phantom
    75 | D:4      | Got the Tractate on Evil Rituals
   137 | D:4      | Noticed a hound
   146 | D:4      | Killed a hound
   147 | D:4      | Reached skill level 1 in Armour
   147 | D:4      | Reached skill level 1 in Evocations
   147 | D:4      | Gained mutation: Spells you cast may paralyse adjacent
                  | enemies. [demonic ancestry]
   147 | D:4      | Reached XP level 2. HP: 10/24 MP: 2/2
   147 | D:4      | Gained mutation: Your movements are slightly less
                  | encumbered by armour. (ER -2) [demonic ancestry]
   147 | D:4      | Reached XP level 3. HP: 12/29 MP: 3/3
   277 | D:4      | Killed from afar by an orc priest

Illustrated notes

Levels and vault maps discovered:
D:4:      layout_loops_corners, mainiacjoe_overflow_brackets,
          minmay_temple_entry_mist, uniq_duvessa
D:5:      layout_cave_pools, nicolae_shop_sticking_my_neck_out, uniq_ijyb,
          uniq_eustachio

Skill      XL: |  1 |
---------------+----+-----
Armour         | 1 |  1.1
Dodging        | 2 |  2.2
Evocations     | 1 |  1.2
Fighting       | |  3.3
Axes           | |  1.7
Stealth        | |  4.5

Action                   || total
-------------------------++-------
Melee: Hand axe          ||    18
  Use: Potion            ||     1
 Stab: Sleeping          ||     2
       Distracted        ||     1
Armor: Leather armour    ||     4
Dodge: Dodged            ||    17

Table legend: (Time is in decaauts)
 A = Elapsed time spent in this place.
 B = Non-inter-level travel time spent in this place.
 C = Inter-level travel time spent in this place.
 D = Time resting spent in this place.
 E = Time spent auto-exploring this place.
 F = Levels seen in this place.
 G = Mean time per level.
                   A        B        C        D        E       F      G
               +--------+--------+--------+--------+--------+-----+--------+
         Total |    260 |    260 |      0 |      0 |    196 |   2 |  130.0 |
       Dungeon |    260 |    260 |      0 |      0 |    196 |   2 |  130.0 |
               +--------+--------+--------+--------+--------+-----+--------+

Top non-repeatable levels by time:
     D:4: 189 daAuts
     D:5: 71 daAuts
